AoeStats
← Gott_Uncle

Nomad

510217297Analyzed
3v3 RM · 4d ago on Sep 30, 2026· 28m 37s· 6 players
Game mode
Random Map
Map size
210×210
Population
200
Speed
Normal
Resources
Standard
Victory
Conquest
Starting age
Dark Age
Ending age
Imperial Age
RankedLock teamsTeams togetherTeam positionsShared explorationLock speedFull tech treeHidden civsTurbo modeCheats
Victory
Defeat
🇨🇴 Persians · Colombia
1372
+15
🇨🇱 Celts · Chile
1336
+16
🇵🇪 Vikings · Peru
1316
+17
🇦🇷 Malay · Argentina
1433
-19
🇩🇰 Varangians · Denmark
1316
-15
🇦🇷 Spanish · Argentina
1287
-14
Amaterasu
5:50 Loom
13:29 Feudal Age
14:12 Town Watch
16:17 Loom
18:48 Castle Age
22:58 Squires
Gott_Uncle
5:03 Loom
13:25 Feudal Age
18:12 Castle Age
16:28 Double-Bit Axe
19:33 Bow Saw
21:48 Pikeman
Teuto
3:04 Loom
15:52 Feudal Age
20:24 Castle Age
18:28 Fishing Lines
25:04 Wheelbarrow
[TUC] P E L U S A
2:50 Loom
14:26 Feudal Age
18:30 Castle Age
16:56 Double-Bit Axe
18:02 Stone Mining
27:00 Town Watch
27:31 Bow Saw
[TUC] NAGES
2:51 Loom
14:22 Feudal Age
23:04 Castle Age
27:45 Padded Archer Armor
[TUC]Morants
4:40 Loom
15:42 Feudal Age
15:17 Double-Bit Axe
16:33 Fishing Lines
16:50 Gold Mining
22:25 Castle Age
21:26 Crossbowman
22:24 Bow Saw
22:22 Gillnets
24:20 Fletching
24:41 Forging
26:22 Light Cavalry
26:31 Light Cavalry
27:14 Husbandry
Connection lost

Rejoining the realm…

Still unreachable

The connection could not be restored.

Session expired

The server has moved on; the page needs a fresh start.